AoeStats
← Simzer59

Nomad

510495295Analyzed
3v3 RM · 1d ago on Oct 1, 2026· 35m 49s· 6 players
Game mode
Random Map
Map size
210×210
Population
200
Speed
Normal
Resources
Standard
Victory
Conquest
Starting age
Dark Age
Ending age
Imperial Age
RankedLock teamsTeams togetherTeam positionsShared explorationLock speedFull tech treeHidden civsTurbo modeCheats
Victory
Defeat
🇦🇺 Inca · Australia
857
+13
🇫🇷 Vikings · France
853
+13
🇪🇸 Franks · Spain
675
+21
🇫🇷 Khmer · France
860
-52
🇫🇷 Maya · France
752
-20
🇫🇷 Byzantines · France
747
-14
Simzer59
16:12 Feudal Age
16:56 Double-Bit Axe
19:51 Gold Mining
19:29 Man-at-Arms
21:52 Fletching
22:03 Padded Archer Armor
27:20 Castle Age
28:11 Crossbowman
28:56 Thumb Ring
28:48 Loom
32:46 Wheelbarrow
34:07 Bodkin Arrow
34:28 Leather Archer Armor
[BIA] Tissoux
31:01 Feudal Age
29:19 Loom
31:28 Fishing Lines
31:43 Double-Bit Axe
33:58 Wheelbarrow
Marley6465
16:07 Feudal Age
17:58 Double-Bit Axe
22:38 Man-at-Arms
23:35 Scale Barding Armor
23:32 Scale Mail Armor
24:10 Arson
24:18 Horse Collar
32:33 Castle Age
34:19 Chain Barding Armor
robin-21
4:45 Loom
16:55 Feudal Age
17:32 Double-Bit Axe
18:25 Gold Mining
20:52 Stone Mining
23:24 Castle Age
28:07 Fletching
31:00 Forging
30:53 Scale Mail Armor
35:56 Iron Casting
35:36 Chain Mail Armor
dani
4:48 Loom
13:40 Feudal Age
14:07 Double-Bit Axe
20:19 Wheelbarrow
20:02 Town Watch
22:46 Fletching
23:57 Scale Barding Armor
25:10 Stone Mining
25:11 Gold Mining
27:44 Forging
31:15 Castle Age
32:05 Husbandry
31:26 Light Cavalry
32:30 Chain Barding Armor
32:37 Bow Saw
34:15 Hand Cart
34:01 Town Patrol
34:12 Bodkin Arrow
Apex_predator
8:00 Loom
16:31 Feudal Age
17:01 Town Watch
18:11 Double-Bit Axe
23:55 Fishing Lines
27:17 Castle Age
27:17 Fletching
28:48 Thumb Ring
29:42 Crossbowman
30:52 Bodkin Arrow
31:39 Padded Archer Armor
31:24 Elite Skirmisher
32:52 Wheelbarrow
34:38 Ballistics
Connection lost

Rejoining the realm…

Still unreachable

The connection could not be restored.

Session expired

The server has moved on; the page needs a fresh start.